Map: Glittering Ashes LE

Players

MCanning

  • Race: Protoss Protoss
  • League: Grandmaster

SuperNova - Winner!

  • Race: Terran Terran
  • League: Grandmaster

VOD

Have the link to the VOD?

Description

Time

  • Played on: Feb. 7, 2022, 1:42 a.m.
  • Length: 34:20
Show
View Real Time Build Order
Export as new Build Order

MCanning Protoss 

Build Orders: 1 Gate Expand, Zealot Archon, Archon Drop, Dark Templar Rush 

Get SALT Encoding   

  12  0:01  Probe  
  13  0:13  Probe  
  14  0:18  Pylon  
  14  0:25  Probe  
  15  0:37  Gateway, Probe (Chrono Boost)  
  16  0:47  Probe (Chrono Boost), Assimilator  
  17  0:52  Probe (Chrono Boost)  
  18  1:03  Probe  
  19  1:15  Probe  
  20  1:23  Nexus  
  20  1:33  Cybernetics Core  
  20  1:36  Probe  
  21  1:44  Assimilator  
  21  1:50  Pylon  
  21  1:53  Probe  
  22  2:05  Probe (Chrono Boost)  
  22  2:07  Adept (Chrono Boost)  
  23  2:10  Warp Gate  
  26  2:17  Probe (Chrono Boost)  
  26  2:22  Probe (Chrono Boost)  
  26  2:24  Twilight Council  
  27  2:31  Probe (Chrono Boost)  
  27  2:34  Stalker  
  30  2:43  Probe (Chrono Boost)  
  30  2:44  Probe (Chrono Boost)  
  33  2:52  Probe (Chrono Boost)  
  33  2:53  Probe (Chrono Boost)  
  33  2:56  Robotics Facility  
  34  2:59  Probe  
  34  3:04  Probe  
  37  3:14  Probe (Chrono Boost)  
  37  3:15  Dark Shrine  
  37  3:16  Probe (Chrono Boost)  
  38  3:26  Gateway, Probe (Chrono Boost)  
  40  3:28  Probe (Chrono Boost)  
  40  3:31  Probe (Chrono Boost)  
  41  3:36  Probe  
  41  3:38  Gateway  
  42  3:42  Probe  
  42  3:46  Warp Prism (Chrono Boost)  
  42  3:48  Probe  
  44  3:53  Pylon  
  46  4:00  Pylon  
  46  4:04  Assimilator  
  46  4:09  Assimilator  
  46  4:12  Probe x2 (Chrono Boost)  
  48  4:24  Probe (Chrono Boost)  
  50  4:28  Nexus  
  50  4:30  Probe (Chrono Boost)  
  50  4:32  Observer, Probe (Chrono Boost)  
  50  4:36  Dark Templar x2, Probe (Chrono Boost)  
  57  4:38  Dark Templar  
  57  4:40  Probe  
  60  4:48  Probe  
  60  4:49  Pylon  
  60  4:51  Robotics Bay  
  60  4:52  Probe  
  62  5:03  Charge  
  64  5:07  Probe x2  
  64  5:12  Robotics Bay  
  64  5:13  Gateway  
  62  5:15  Gateway  
  62  5:19  Probe  
  62  5:21  Pylon  
  63  5:27  Stargate  
  63  5:30  Probe  
  63  5:34  Probe  
  63  5:37  Stalker  
  63  5:39  Stalker  
  63  5:40  Probe  
  63  5:42  Probe  
  69  5:43  Pylon  
  69  5:46  Probe  
  70  5:51  Pylon  
  70  5:52  Probe  
  70  5:54  Assimilator  
  71  5:59  Assimilator  
  72  6:06  Pylon  
  72  6:07  Void Ray (Chrono Boost)  
  72  6:09  Dark Templar x2  
  72  6:10  Dark Templar  
  76  6:15  Archon  
  76  6:16  Archon  
  78  6:23  Shield Battery  
  78  6:24  Zealot  
  80  6:26  Probe  
  80  6:29  Probe  
  80  6:30  Probe  
  81  6:37  Disruptor  
  81  6:38  Probe  
  85  6:51  Probe (Chrono Boost)  
  86  6:59  Probe (Chrono Boost)  
  78  7:02  Dark Templar  
  78  7:03  Dark Templar, Probe (Chrono Boost)  
  78  7:05  Probe (Chrono Boost)  
  78  7:08  Archon  
  84  7:09  Disruptor (Chrono Boost), Probe (Chrono Boost)  
  84  7:10  Blink  
  84  7:14  Dark Templar x2  
  91  7:20  Archon  
  89  7:23  Gateway  
  89  7:26  Zealot  
  90  7:30  Shield Battery  
  90  7:31  Pylon  
  90  7:37  Dark Templar x2  
  92  7:39  Shield Battery, Disruptor (Chrono Boost)  
  92  7:40  Pylon  
  92  7:41  Archon  
  97  7:44  Phoenix (Chrono Boost)  
  99  7:53  Zealot x2  
  99  7:54  Zealot  
  99  7:57  Pylon  
  105  7:59  Probe  
  105  8:03  Phoenix (Chrono Boost)  
  105  8:05  Pylon  
  109  8:12  Probe  
  109  8:15  Forge, Probe  
  109  8:16  Forge  
  109  8:17  Probe  
  111  8:21  Phoenix (Chrono Boost)  
  111  8:23  Colossus (Chrono Boost)  
  119  8:37  Probe  
  119  8:41  Zealot x3  
  126  8:43  Probe  
  126  8:45  Protoss Ground Weapons Level 1 (Chrono Boost), Protoss Ground Armor Level 1 (Chrono Boost)  
  127  8:57  Nexus  
  127  8:58  Pylon, Sentry  
  127  9:00  Pylon  
  129  9:09  Gateway  
  129  9:11  Gateway, Observer (Chrono Boost)  
  129  9:13  Probe  
  129  9:14  Probe  
  132  9:22  Probe  
  133  9:27  Fleet Beacon  
  133  9:29  Shield Battery, Stargate, Probe  
  134  9:40  Disruptor (Chrono Boost)  
  134  9:43  Probe x2  
  139  9:49  Dark Templar x5  
  139  9:50  Dark Templar  
  151  9:53  Photon Cannon  
  151  9:54  Photon Cannon  
  151  9:56  Archon x2  
  151  9:57  Archon  
  151  10:02  Photon Cannon  
  151  10:06  Photon Cannon  
  151  10:13  Gateway  
  145  10:14  Gateway  
  145  10:22  Protoss Air Weapons Level 1 (Chrono Boost), Probe  
  145  10:27  Immortal (Chrono Boost)  
  144  10:32  Probe  
  144  10:34  Protoss Ground Armor Level 2 (Chrono Boost)  
  149  10:36  Nexus, Carrier (Chrono Boost)  
  149  10:38  Pylon  
  149  10:39  Assimilator  
  149  10:40  Protoss Ground Weapons Level 2 (Chrono Boost), Assimilator  
  155  10:43  Photon Cannon  
  155  10:44  Pylon  
  155  10:58  Carrier (Chrono Boost)  
  159  11:04  Stargate  
  159  11:06  Pylon  
  159  11:08  Probe  
  159  11:09  Probe  
  161  11:12  Templar Archives  
  161  11:13  Pylon  
  161  11:14  Probe  
  162  11:19  Zealot x2  
  162  11:20  Zealot x3  
  162  11:22  Pylon  
  162  11:23  Photon Cannon  
  172  11:26  Disruptor  
  175  11:35  Shadow Stride  
  175  11:42  Zealot x8  
  191  12:02  Psionic Storm  
  191  12:05  Robotics Facility, Probe  
  192  12:11  Probe  
  192  12:15  Assimilator  
  193  12:17  Void Ray x3 (Chrono Boost)  
  193  12:18  Assimilator  
  181  12:28  Nexus, Flux Vanes  
  181  12:29  Pylon  
  189  12:34  Probe  
  188  12:41  Photon Cannon  
  188  12:43  Photon Cannon  
  188  12:44  Shield Battery x2  
  188  12:47  Void Ray  
  188  12:50  Shield Battery  
  188  12:51  Stalker  
  188  12:52  Stalker x2  
  188  12:56  Protoss Ground Armor Level 3 (Chrono Boost), Protoss Ground Weapons Level 3 (Chrono Boost)  
  194  13:05  Probe x4  
  197  13:06  Cybernetics Core  
  197  13:07  Protoss Air Weapons Level 2 (Chrono Boost)  
  197  13:15  Stalker  
  197  13:17  Probe  
  198  13:32  Gateway x2  
  194  13:35  Gateway  
  194  13:39  Gateway  
  189  13:49  Stargate  
  189  13:53  Photon Cannon, Disruptor  
  189  13:55  Protoss Air Armor Level 1 (Chrono Boost)  
  189  13:57  Photon Cannon, Shield Battery  
  189  14:06  Tempest (Chrono Boost)  
  189  14:07  Tempest (Chrono Boost)  
  191  14:15  Dark Templar x4  
  196  14:18  Tempest (Chrono Boost)  
  196  14:21  Photon Cannon  
  196  14:22  Pylon, Probe  
  191  14:24  Shield Battery  
  189  14:31  Pylon  
  189  14:33  Photon Cannon  
  189  14:45  Tempest (Chrono Boost)  
  187  14:50  Void Ray (Chrono Boost), Disruptor  
  199  15:03  Shield Battery  
  199  15:05  Shield Battery  
  199  15:10  Shield Battery  
  199  15:13  Photon Cannon  
  197  15:14  Photon Cannon  
  197  15:16  Dark Templar  
  197  15:17  Photon Cannon  
  197  15:18  Pylon  
  199  15:24  Protoss Air Weapons Level 3 (Chrono Boost), Pylon  
  199  15:47  Protoss Shields Level 1  
  199  15:48  Dark Templar x3  
  190  16:00  Void Ray  
  172  16:05  Stalker x2  
  168  16:13  Stalker x7  
  168  16:14  Stalker x2  
  186  16:18  Probe  
  178  16:34  Stalker x5  
  178  16:37  High Templar x4  
  189  16:42  Archon x2  
  181  16:49  High Templar x5  
  181  16:52  Probe  
  173  17:07  Probe (Chrono Boost)  
  142  17:08  Void Ray x2 (Chrono Boost)  
  142  17:12  Probe x2 (Chrono Boost)  
  142  17:13  Archon x2  
  143  17:16  Probe (Chrono Boost)  
  143  17:20  Probe x2 (Chrono Boost)  
  143  17:21  Observer, Probe (Chrono Boost)  
  153  17:33  Probe (Chrono Boost), High Templar x5  
  153  17:36  Probe (Chrono Boost)  
  153  17:37  Probe (Chrono Boost)  
  166  17:38  Archon  
  166  17:39  Archon x2  
  166  17:40  Probe (Chrono Boost)  
  166  17:44  Void Ray, Dark Templar, Probe x2 (Chrono Boost)  
  175  17:52  Probe (Chrono Boost)  
  178  18:01  Probe (Chrono Boost)  
  178  18:02  Probe (Chrono Boost)  
  177  18:12  Void Ray (Chrono Boost)  
  165  18:18  Void Ray (Chrono Boost)  
  82  18:30  Probe  
  79  18:35  Probe  
  79  18:41  Probe  
  81  18:47  Nexus  
  81  18:49  Probe  
  82  19:00  Void Ray (Chrono Boost)  
  82  19:01  Stalker x4  
  82  19:02  Stalker x6  
  104  19:17  Void Ray (Chrono Boost), Probe  
  108  19:18  Probe  
  108  19:23  High Templar x4  
  118  19:27  Probe  
  119  19:35  Void Ray (Chrono Boost), Archon, Probe  
  119  19:36  Archon  
  122  19:42  Probe x2  
  128  19:47  Sentry  
  128  19:48  Void Ray (Chrono Boost)  
  128  19:50  Probe  
  131  19:54  Probe  
  132  20:00  Probe  
  132  20:01  Assimilator  
  132  20:02  Probe  
  132  20:03  High Templar x2  
  132  20:05  Assimilator  
  132  20:06  Probe  
  139  20:07  Zealot x2  
  139  20:09  Stalker x2  
  147  20:14  Archon  
  147  20:16  Stalker  
  147  20:17  Stalker  
  135  20:24  Stalker x2  
  133  20:31  Cybernetics Core  
  133  20:33  Zealot x3  
  139  20:57  Void Ray (Chrono Boost)  
  133  21:05  Probe  
  138  21:13  Stalker x3  
  138  21:14  Stalker x4  
  152  21:19  Pylon  
  152  21:30  Robotics Facility  
  152  21:31  Nexus  
  152  21:33  Zealot  
  152  21:34  Pylon  
  154  21:43  Stalker  
  154  21:44  Stalker x3  
  162  21:50  Stalker x2  
  162  21:54  Zealot x2  
  162  22:10  Stalker x4  
  160  22:19  Stalker x3  
  164  22:25  Observer (Chrono Boost)  
  164  22:28  Probe x2  
  145  22:39  Probe  
  145  22:41  Zealot  
  145  22:43  Stalker x4  
  156  22:47  Probe x3  
  159  22:51  Probe  
  159  22:53  Void Ray (Chrono Boost)  
  160  22:59  Probe  
  165  23:07  Zealot x2  
  165  23:11  Zealot x2  
  173  23:14  Assimilator  
  173  23:16  Stalker  
  173  23:21  Assimilator  
  173  23:23  Void Ray (Chrono Boost)  
  172  23:27  Probe  
  172  23:28  Probe x3  
  180  23:37  Zealot x3  
  180  23:39  Probe  
  185  23:43  Photon Cannon  
  185  23:45  High Templar x2  
  189  23:49  Archon  
  189  23:50  Zealot x3  
  193  24:14  Nexus, Pylon  
  163  24:18  Void Ray (Chrono Boost)  
  163  24:23  Stalker x2  
  163  24:24  Stalker x5  
  165  24:29  Observer (Chrono Boost)  
  172  24:44  Stargate, Probe  
  172  24:45  Pylon  
  173  24:46  High Templar  
  173  24:47  Pylon, High Templar  
  173  24:49  Zealot x4  
  173  24:52  Archon  
  185  24:59  Gateway  
  185  25:01  Gateway  
  185  25:06  Fleet Beacon  
  185  25:10  Observer  
  185  25:13  Void Ray  
  180  25:26  Probe  
  169  25:29  Photon Cannon  
  169  25:33  Photon Cannon  
  169  25:35  Shield Battery  
  169  25:41  Probe  
  169  25:42  Probe  
  168  25:51  Probe  
  168  25:56  Probe  
  168  25:58  Zealot x6  
  168  25:59  Zealot x4  
  188  26:16  Tempest x2 (Chrono Boost)  
  188  26:18  Stargate  
  188  26:20  Pylon  
  188  26:25  Protoss Air Armor Level 2 (Chrono Boost)  
  198  26:29  Pylon  
  194  26:46  Void Ray x2 (Chrono Boost)  
  172  26:48  Stalker x9  
  186  26:57  Probe  
  145  27:16  Void Ray (Chrono Boost)  
  145  27:18  Observer (Chrono Boost)  
  145  27:20  Stalker x3  
  145  27:21  Stalker x2  
  145  27:22  Zealot x3  
  162  27:26  Zealot x2  
  168  27:30  Assimilator  
  168  27:33  Assimilator  
  168  27:38  Observer (Chrono Boost)  
  168  27:43  Void Ray (Chrono Boost)  
  173  27:50  Zealot x6  
  176  27:58  Void Ray (Chrono Boost)  
  176  28:05  Probe  
  157  28:12  Nexus  
  157  28:15  Probe x2  
  159  28:20  Void Ray x2 (Chrono Boost)  
  165  28:43  Probe  
  165  28:44  Probe x2  
  168  28:50  Photon Cannon  
  168  28:52  Shield Battery  
  167  29:05  Photon Cannon  
  167  29:06  Observer (Chrono Boost)  
  167  29:08  Photon Cannon  
  167  29:11  Stalker x4  
  175  29:21  Probe x2 (Chrono Boost)  
  175  29:23  Probe (Chrono Boost)  
  175  29:25  Probe (Chrono Boost)  
  175  29:27  Probe (Chrono Boost)  
  175  29:28  Probe x3 (Chrono Boost)  
  179  29:42  High Templar x2  
  179  29:44  Stalker x3  
  190  29:51  Assimilator  
  189  29:57  Nexus  
  189  30:00  Observer (Chrono Boost)  
  189  30:02  Pylon  
  189  30:06  Stalker x3  
  196  30:23  Photon Cannon  
  196  30:26  Photon Cannon  
  196  30:27  Shield Battery  
  196  30:29  Pylon  
  196  30:30  Pylon  
  196  30:33  Assimilator  
  171  30:42  Void Ray  
  169  30:55  Stalker x5  
  169  30:56  Stalker x2  
  163  31:05  Stalker  
  163  31:06  Stalker  
  167  31:13  Stalker  
  167  31:15  Probe x4  
  169  31:31  Robotics Facility  
  169  31:45  Nexus  
  169  31:46  Stalker x4  
  176  31:54  Stalker x2  
  178  31:56  Probe  
  178  32:00  Probe  
  182  32:03  Probe  
  183  32:11  High Templar x4  
  183  32:15  Archon x2, Disruptor (Chrono Boost)  
  194  32:28  Void Ray (Chrono Boost)  
  180  32:41  Disruptor (Chrono Boost)  
  183  32:53  Zealot x6  
  183  32:55  Void Ray (Chrono Boost)  
  195  33:00  Nexus  
  195  33:02  Pylon  
  193  33:13  Zealot x3  
  192  33:21  Disruptor  
  192  33:40  Stalker  
  192  33:41  Stalker x5  
  149  33:57  Stalker  
  149  33:58  Stalker x2  
  158  34:05  Stalker x2  
  159  34:12  Zealot  
  159  34:13  Zealot  
Show
View Real Time Build Order
Export as new Build Order

SuperNova Terran - Winner!

Build Orders: Liberator Opening, Reaper Expand, Mech 

Get SALT Encoding   

  12  0:01  SCV  
  13  0:14  SCV  
  14  0:18  Supply Depot  
  14  0:26  SCV  
  15  0:39  SCV  
  15  0:41  Barracks  
  16  0:43  Refinery  
  16  0:51  SCV  
  17  1:04  SCV  
  18  1:16  SCV  
  19  1:28  Orbital Command, Reaper  
  20  1:41  Command Center  
  20  1:50  Supply Depot  
  20  1:54  SCV  
  21  1:59  Marine  
  22  2:06  Factory  
  22  2:10  SCV  
  23  2:17  Marine  
  23  2:18  Refinery  
  23  2:22  SCV  
  25  2:34  SCV  
  25  2:35  Marine  
  27  2:46  SCV  
  27  2:50  Starport  
  28  2:51  Factory Tech Lab  
  28  2:54  Orbital Command  
  28  2:56  Refinery  
  28  2:57  Barracks Reactor  
  28  3:00  SCV  
  29  3:10  Bunker  
  30  3:12  SCV  
  33  3:23  SCV  
  33  3:24  SCV  
  35  3:28  Fusion Core  
  32  3:35  SCV  
  32  3:38  SCV  
  32  3:40  Marine x2  
  39  3:47  Liberator, SCV  
  39  3:50  SCV  
  39  3:52  Supply Depot  
  40  3:59  SCV  
  40  4:02  Siege Tank, SCV  
  45  4:06  Engineering Bay  
  45  4:07  Marine  
  46  4:14  Marine, SCV  
  46  4:16  Supply Depot  
  48  4:23  SCV  
  48  4:24  Advanced Ballistics  
  49  4:26  SCV  
  49  4:28  Marine  
  51  4:35  Liberator  
  54  4:38  SCV x2  
  54  4:39  Supply Depot  
  54  4:42  Missile Turret  
  54  4:44  Marine  
  57  4:46  Marine  
  57  4:50  Siege Tank  
  61  4:54  SCV  
  62  5:00  SCV  
  62  5:02  Supply Depot  
  62  5:07  SCV  
  58  5:09  Missile Turret  
  58  5:10  Marine  
  58  5:11  Marine  
  58  5:13  SCV  
  60  5:19  SCV  
  60  5:24  Missile Turret  
  60  5:25  Factory Tech Lab  
  60  5:28  Marine  
  61  5:29  Viking  
  61  5:35  SCV  
  63  5:36  Marine  
  63  5:41  SCV  
  65  5:46  Marine  
  66  5:51  SCV  
  66  5:55  Supply Depot  
  67  5:58  Siege Tank  
  67  5:59  SCV  
  67  6:01  Starport Tech Lab  
  67  6:03  SCV  
  72  6:04  Marine  
  73  6:11  SCV  
  73  6:15  SCV  
  75  6:23  SCV  
  75  6:24  Command Center  
  76  6:28  Raven  
  78  6:32  SCV  
  78  6:33  Marine x2  
  78  6:35  SCV  
  78  6:38  Refinery  
  81  6:46  Supply Depot  
  81  6:47  Siege Tank, Supply Depot  
  81  6:57  SCV  
  81  6:58  SCV  
  83  7:04  Factory  
  83  7:09  SCV  
  83  7:11  SCV  
  83  7:15  Refinery  
  85  7:19  Refinery  
  85  7:20  Siege Tank, Bunker  
  85  7:21  SCV  
  89  7:26  SCV  
  90  7:33  SCV  
  91  7:38  SCV  
  91  7:39  Bunker  
  91  7:43  Missile Turret  
  92  7:45  Missile Turret, SCV, Sensor Tower  
  92  7:49  Hellion x2, Missile Turret  
  92  7:50  Infernal Pre-Igniter  
  97  7:52  SCV  
  97  7:57  SCV  
  99  7:58  Factory  
  99  8:02  Orbital Command  
  99  8:11  SCV  
  99  8:12  SCV, Supply Depot  
  101  8:15  Supply Depot  
  101  8:16  Hellion x2  
  107  8:20  Hellion  
  107  8:22  Starport Tech Lab  
  107  8:23  SCV  
  107  8:25  SCV  
  107  8:27  Armory  
  109  8:30  Armory  
  109  8:32  SCV  
  110  8:35  SCV  
  110  8:37  SCV  
  110  8:39  Command Center  
  112  8:44  SCV  
  112  8:46  Siege Tank  
  112  8:47  SCV  
  112  8:48  Siege Tank  
  116  8:49  SCV  
  116  8:55  Missile Turret  
  117  8:56  SCV  
  117  8:59  SCV  
  117  9:01  SCV  
  120  9:08  SCV  
  120  9:09  Command Center  
  121  9:11  SCV  
  121  9:12  Hellion x2, Supply Depot  
  121  9:13  SCV, Supply Depot  
  121  9:17  Missile Turret  
  126  9:19  Starport  
  126  9:20  Thor, Starport  
  126  9:21  SCV  
  132  9:27  SCV  
  132  9:29  Missile Turret  
  133  9:32  Terran Vehicle And Ship Armor Level 1, Terran Ship Weapons Level 1  
  133  9:35  SCV  
  131  9:42  SCV  
  131  9:43  Battlecruiser  
  131  9:44  Weapon Refit  
  139  9:45  SCV  
  139  9:48  SCV  
  139  9:51  Hellion x2  
  144  9:54  SCV  
  144  9:57  SCV  
  146  10:07  Missile Turret  
  146  10:10  Hellion x2, Missile Turret  
  146  10:12  Missile Turret  
  149  10:17  Planetary Fortress  
  148  10:21  Starport Tech Lab x2  
  148  10:25  SCV x2, Refinery  
  148  10:27  Hellion  
  148  10:28  Hellion, SCV  
  155  10:31  Siege Tank  
  155  10:32  Supply Depot x2  
  158  10:37  Supply Depot  
  158  10:42  Orbital Command  
  158  10:43  Sensor Tower  
  158  10:44  Refinery  
  158  10:46  Siege Tank, Drilling Claws  
  161  10:51  Battlecruiser  
  165  11:00  Battlecruiser  
  165  11:02  Starport  
  171  11:06  Widow Mine  
  171  11:07  Widow Mine  
  175  11:11  Missile Turret x2  
  175  11:15  SCV x2  
  175  11:16  SCV  
  178  11:22  Battlecruiser  
  178  11:25  Command Center  
  182  11:28  SCV x3  
  182  11:30  Terran Ship Weapons Level 2  
  185  11:34  Terran Vehicle And Ship Armor Level 2  
  185  11:35  Missile Turret  
  184  11:42  Command Center  
  184  11:45  Starport Tech Lab  
  184  11:51  Starport  
  184  11:55  Battlecruiser  
  184  12:02  Missile Turret  
  184  12:05  Hi-Sec Auto Tracking  
  184  12:09  Widow Mine x2  
  175  12:24  Battlecruiser  
  175  12:27  Widow Mine  
  180  12:38  Missile Turret x2  
  180  12:39  Battlecruiser, Missile Turret, Starport Tech Lab  
  186  12:47  Orbital Command  
  186  12:50  Command Center  
  185  12:57  Battlecruiser  
  188  12:59  Orbital Command  
  188  13:02  Neosteel Armor  
  188  13:03  Missile Turret x2, Command Center  
  193  13:05  Battlecruiser  
  193  13:17  Widow Mine  
  195  13:24  Command Center  
  195  14:01  Orbital Command  
  195  14:15  Terran Vehicle And Ship Armor Level 3, Terran Ship Weapons Level 3  
  193  14:31  Battlecruiser  
  199  14:43  Command Center  
  196  14:46  Orbital Command  
  196  14:48  Widow Mine x4  
  195  15:20  Widow Mine  
  197  15:27  Battlecruiser  
  196  15:29  Orbital Command  
  196  15:33  Battlecruiser  
  198  15:37  Widow Mine  
  200  15:57  Battlecruiser  
  200  16:00  Battlecruiser  
  200  16:02  Widow Mine  
  200  16:03  Widow Mine x3  
  200  16:04  Battlecruiser  
  170  16:24  Widow Mine x3  
  176  16:27  Widow Mine  
  176  16:31  Battlecruiser  
  183  16:37  Battlecruiser  
  186  16:45  Widow Mine x2  
  186  16:46  Widow Mine  
  192  16:49  Widow Mine  
  174  17:01  Battlecruiser  
  174  17:04  Battlecruiser  
  174  17:07  Widow Mine  
  176  17:14  Orbital Command  
  176  17:15  Refinery  
  176  17:16  Missile Turret, Refinery  
  176  17:17  Missile Turret  
  176  17:19  Missile Turret  
  176  17:20  Raven  
  175  17:31  Missile Turret, Refinery  
  175  17:33  Missile Turret  
  175  17:34  Missile Turret, Refinery  
  175  17:42  Orbital Command  
  175  17:47  Barracks  
  151  18:16  Orbital Command  
  132  18:21  Battlecruiser  
  124  18:31  Widow Mine x2  
  124  18:32  Hellion x2  
  130  18:35  SCV  
  130  18:39  Planetary Fortress  
  129  18:51  Orbital Command  
  129  18:53  Hellion x2  
  132  19:07  Orbital Command, Widow Mine  
  132  19:08  Hellion  
  132  19:09  Missile Turret  
  133  19:17  Hellion  
  133  19:24  Hellion  
  135  19:38  SCV  
  135  19:44  Hellion  
  135  19:45  Hellion x2  
  142  19:46  Battlecruiser  
  142  19:51  Hellion  
  150  20:01  Refinery  
  150  20:11  Battlecruiser  
  150  20:13  Hellion x2  
  159  20:14  Widow Mine  
  159  20:15  Widow Mine  
  163  20:28  SCV  
  163  20:29  SCV  
  163  20:35  Widow Mine  
  167  20:42  Battlecruiser  
  173  20:45  Widow Mine x2  
  163  21:03  Hellion  
  157  21:13  Missile Turret  
  157  21:14  Sensor Tower  
  157  21:16  Command Center  
  157  21:29  Battlecruiser  
  157  21:31  Hellion x3  
  157  21:32  Command Center  
  169  21:41  Command Center  
  169  21:47  Sensor Tower  
  169  21:52  SCV x2  
  171  21:55  Widow Mine  
  171  22:00  Orbital Command  
  156  22:11  Battlecruiser  
  162  22:25  Hellion x3, Missile Turret  
  162  22:28  Missile Turret  
  138  22:40  Widow Mine  
  138  22:43  Orbital Command  
  140  22:45  Orbital Command  
  140  22:50  Battlecruiser  
  146  23:11  Hellion x3  
  152  23:16  Refinery  
  152  23:17  Refinery  
  145  23:37  Siege Tank x2  
  145  23:40  Orbital Command  
  151  23:42  Missile Turret  
  151  23:44  Missile Turret  
  151  23:47  Terran Vehicle Weapons Level 1  
  151  23:51  SCV, Refinery  
  152  24:02  Widow Mine  
  132  24:28  Siege Tank x2  
  132  24:29  Hellion x2  
  142  24:38  Raven  
  146  24:53  Hellion x2  
  148  25:08  Siege Tank x2  
  148  25:13  Orbital Command  
  146  25:36  Battlecruiser  
  146  25:41  Widow Mine  
  154  25:47  Missile Turret  
  154  25:50  Missile Turret  
  154  25:51  Hellion  
  154  25:55  Hellion x2  
  156  26:11  SCV  
  157  26:17  Hellion x2  
  157  26:18  Hellion  
  163  26:19  Battlecruiser  
  163  26:23  SCV  
  170  26:40  Missile Turret  
  157  26:56  Battlecruiser  
  146  27:16  Orbital Command  
  146  27:19  Battlecruiser  
  152  27:31  Hellion, Siege Tank  
  152  27:32  Hellion  
  152  27:35  Hellion  
  161  27:48  Hellion x2  
  161  27:49  Missile Turret  
  161  27:55  Hellion  
  161  28:05  Battlecruiser  
  159  28:10  Missile Turret  
  159  28:16  Hellion  
  159  28:18  Widow Mine  
  159  28:43  Battlecruiser  
  159  29:06  Widow Mine  
  161  29:14  Battlecruiser  
  163  29:31  Widow Mine x4  
  171  29:39  Sensor Tower  
  171  29:40  SCV x2  
  173  29:52  Widow Mine  
  175  29:56  Hellion  
  175  29:57  Battlecruiser  
  183  30:01  Widow Mine  
  183  30:02  Widow Mine  
  187  30:13  Widow Mine  
  183  30:47  Missile Turret  
  172  31:03  Battlecruiser, Missile Turret  
  178  31:05  Missile Turret  
  178  31:10  Battlecruiser  
  184  31:29  Missile Turret  
  184  31:51  Widow Mine x2  
  188  32:07  Battlecruiser  
  182  32:39  Battlecruiser  
  194  33:29  Widow Mine  
Tags
 
Add a new tag
Caveats
  • Supply blocks, unpowered buildings, or Contaminate may cause inaccurate times.
  • Supply counts are checked every 10 seconds.